 Dungeon Crawl Stone Soup version 0.29-a0-613-gf2c431b9b9 (webtiles) character file.

Game seed: 10674477597462019607

25 moldycheese5 the Skirmisher (level 2, -1/24 HPs)
             Began as a Demonspawn Abyssal Knight on June 16, 2022.
             Was a Believer of Lugonu.
             Slain by a jackal (3 damage)
             ... on level 1 of the Dungeon.
             The game lasted 00:01:08 (710 turns).

moldycheese5 the Skirmisher (DsAK)                   Turns: 710, Time: 00:01:09

Health: -1/24      AC:  5    Str: 13    XL:     2   Next: 82%
Magic:  3/3        EV: 11    Int: 11    God:    Lugonu [**....]
Gold:   62         SH:  0    Dex: 13    Spells: 1/1 levels left

rFire   . . .      SeeInvis .   a - +1 falchion
rCold   . . .      Faith    .   (no shield)
rNeg    . . .      Spirit   .   b - +0 leather armour
rPois   .          Reflect  .   (no helmet)
rElec   .          Harm     .   (no cloak)
rCorr   .          Rampage  .   (no gloves)
Will    .....                   (no boots)
Stlth   +.........              (no amulet)
HPRegen 0.08/turn               (no ring)
MPRegen 0.08/turn               (no ring)

@: no status effects
A: yellow scales 1
a: Renounce Religion, Depart the Abyss, Bend Space


You were on level 1 of the Dungeon.
You worshipped Lugonu.
Lugonu was pleased with you.
You visited 1 branch of the dungeon, and saw 1 of its levels.
You visited the Abyss 1 time.

You collected 62 gold pieces.

Inventory:

Hand Weapons
 a - a +1 falchion (weapon)
Armour
 b - a +0 leather armour (worn)
Potions
 c - a potion of curing {unknown}


   Skills:
 + Level 3.6 Fighting
 + Level 2.1 Long Blades
 + Level 2.0 Armour
 + Level 1.0 Dodging
 + Level 2.5 Invocations


You had one spell level left.
You didn't know any spells.
Your spell library was empty.

Dungeon Overview and Level Annotations

Branches:
Dungeon (1/15)

Altars:


Innate Abilities, Weirdness & Mutations

You are partially covered in yellow scales. (AC +2)


Message History

The jackal bites you but does no damage.
You hit the dart slug.
The dart slug is heavily wounded.
The jackal bites you.
The jackal bites you but does no damage.
The dart slug bites you but does no damage.
The jackal bites you. The jackal closely misses you.
You are too injured to fight recklessly!
You are too injured to fight recklessly!
You are too injured to fight recklessly!
You are too injured to fight recklessly!
You are too injured to fight recklessly!
You are too injured to fight recklessly!
You are too injured to fight recklessly!
You slash the dart slug!
You kill the dart slug!
Lugonu accepts your kill.
The jackal bites you but does no damage.
The jackal completely misses you.
The jackal bites you but does no damage.
The jackal bites you.
You barely miss the jackal.
The jackal bites you but does no damage. x2
You hit the jackal.
The jackal is lightly wounded.
The jackal bites you. The jackal barely misses you. The jackal bites you. x2
* * * LOW HITPOINT WARNING * * *
You hit the jackal.
The jackal is moderately wounded.
The jackal bites you.
* * * LOW HITPOINT WARNING * * *
The jackal bites you.
* * * LOW HITPOINT WARNING * * *
The jackal barely misses you. The jackal bites you.
* * * LOW HITPOINT WARNING * * *
You closely miss the jackal.
The jackal is moderately wounded.
The jackal bites you but does no damage.
The jackal bites you.
You die...

#.###.......###..#. #
..####.####....#.
#.....)........#.
####........####.
#.....>....##. .
#.......##.##.
...###########'#'###.##.
#...)........#.# #.##.
#...h@...###.#.###'##.
#...h....# ###........
#........# #........
#........# #........
#........# #........
#........# #........
#.........# #........
#.........# ###........
#..........


You could see 2 jackals.

Vanquished Creatures
  A dart slug (D:1)
  A ball python (D:1)
  An endoplasm (D:1)
  3 goblins (D:1)
  2 hobgoblins (D:1)
  5 quokkas (D:1)
  A bat (D:1)
  A frilled lizard (D:1)
  2 kobolds (D:1)
  3 rats (D:1)
20 creatures vanquished.

Notes
Turn   | Place    | Note
-------+----------+-------------------------------------------
     0 | Abyss:1  | moldycheese5 the Demonspawn Abyssal Knight began the quest
                  | for the Orb.
     0 | Abyss:1  | Reached XP level 1. HP: 18/18 MP: 2/2
     0 | D:1      | Escaped the Abyss
   292 | D:1      | Reached ** piety under Lugonu
   298 | D:1      | Gained mutation: You are partially covered in yellow
                  | scales. (AC +2) [demonic ancestry]
   298 | D:1      | Reached XP level 2. HP: 24/24 MP: 3/3
   689 | D:1      | Reached skill level 1 in Dodging
   710 | D:1      | Slain by a jackal

Illustrated notes

Levels and vault maps discovered:
D:1:      dpeg_arrival_leaves_temple_mockup, layout_basic, grunt_decor_arrowhead

Skill      XL: |  1  2 |
---------------+-------+-----
Long Blades    | 2 |  2.1
Dodging        | 1 |  1.0
Armour         | 2 |  2.0
Fighting       | |  3.6
Invocations    | |  2.5

Action                   || total
-------------------------++-------
Melee: Falchion          ||    69
       Punch             ||     1
Invok: Depart the Abyss  ||     1
 Stab: Sleeping          ||     1
Armor: Leather armour    ||    37
Dodge: Dodged            ||    43

Table legend: (Time is in decaauts)
 A = Elapsed time spent in this place.
 B = Non-inter-level travel time spent in this place.
 C = Inter-level travel time spent in this place.
 D = Time resting spent in this place.
 E = Time spent auto-exploring this place.
 F = Levels seen in this place.
 G = Mean time per level.
                   A        B        C        D        E       F      G
               +--------+--------+--------+--------+--------+-----+--------+
         Total |    723 |    723 |      0 |      0 |    586 |   2 |  361.5 |
       Dungeon |    723 |    723 |      0 |      0 |    586 |   1 |  723.0 |
         Abyss |      0 |      0 |      0 |      0 |      0 |   1 |    0.0 |
               +--------+--------+--------+--------+--------+-----+--------+

Top non-repeatable levels by time:
     D:1: 723 daAuts
